 Dungeon Crawl Stone Soup version 0.28-a0-1624-g820543e53a (webtiles) character file.

Game seed: 17805413668651743632

79 issech the Cudgeller (level 4, 0/45 HPs)
             Began as a Troll Monk on Jan 23, 2022.
             Succumbed to an adder's poison
             ... on level 3 of the Dungeon.
             The game lasted 00:07:08 (1803 turns).

issech the Cudgeller (Troll Monk)                   Turns: 1803, Time: 00:07:08

Health: 0/45       AC:  5    Str: 19    XL:     4   Next: 17%
Magic:  3/3        EV: 10    Int:  6    God:
Gold:   133        SH:  0    Dex: 14    Spells: 3/3 levels left

rFire   . . .      SeeInvis .   a - +0 mace
rCold   . . .      Faith    .   (no shield)
rNeg    . . .      Spirit   .   b - +0 robe
rPois   .          Reflect  .   (helmet restricted)
rElec   .          Harm     .   k - +0 cloak
rCorr   .          Rampage  .   (gloves unavailable)
Will    .....                   (boots unavailable)
Stlth   ++........              (no amulet)
HPRegen 0.95/turn               (no ring)
MPRegen 0.08/turn               (no ring)

@: lethally poisoned (0 -> -2)
A: large, unfitting armour, claws 3, regeneration 1, shaggy fur 1, tough skin 1
a: no special abilities


You were on level 3 of the Dungeon.
You visited 1 branch of the dungeon, and saw 3 of its levels.

You collected 133 gold pieces.

Inventory:

Hand Weapons
 a - a +0 mace (weapon)
 f - a +0 hunting sling
Missiles
 c - 2 boomerangs (quivered)
 h - 34 bolts
 j - 24 sling bullets
 m - 21 stones
 o - 31 arrows
Armour
 b - a +0 robe (worn)
 k - a +0 cloak (worn)
 l - the +14 plate armour of Misanthropy {Int+3 Dex-5}
   (You found it on level 2 of the Dungeon)

   Int:       It affects your intelligence (+3).
   Dex:       It affects your dexterity (-5).
Jewellery
 p - a ring of fire
Scrolls
 g - a scroll of enchant armour {unknown}
 i - 4 scrolls of teleportation {unknown}
 n - a scroll of noise {unknown}
Potions
 d - a potion of berserk rage {unknown}
 e - a potion of curing {unknown}
 q - 2 potions of haste {unknown}


   Skills:
 + Level 3.1 Fighting
 + Level 3.4 Maces & Flails
 + Level 0.1 Throwing
 + Level 3.0 Dodging
 + Level 1.0 Stealth


You had 3 spell levels left.
You didn't know any spells.
Your spell library was empty.

Dungeon Overview and Level Annotations

Branches:
Dungeon (3/15)

Altars:

Shops:
D:2 (


Innate Abilities, Weirdness & Mutations

You are too large for most types of armour.
You have claws for hands.
Your natural rate of healing is unusually fast.
You are covered in fur. (AC +1)
You have tough skin. (AC +1)


Message History

You closely miss the adder.
The adder is lightly wounded.
The adder closely misses you. The adder bites you but does no damage.
You hit the adder but do no damage.
The adder is lightly wounded.
The adder bites you but does no damage.
The orc priest mumbles some strange prayers to Beogh against you.
Beogh smites you!
An orc comes into view. It is wielding a +0 club.
The adder bites you but does no damage.
You sock the adder!
The adder is almost dead.
The adder bites you but does no damage.
The orc priest mumbles some strange prayers to Beogh against you.
Beogh smites you!
You miss the adder.
The adder is almost dead.
The adder barely misses you. x2
You closely miss the adder.
The adder is almost dead.
The adder closely misses you.
You closely miss the adder.
The adder is severely wounded.
The adder bites you.
You are poisoned.
The adder poisons you! The adder bites you.
Unknown command.
You closely miss the adder.
The adder is severely wounded.
You feel sick. The adder closely misses you.
The orc priest mumbles some strange prayers to Beogh against you.
Beogh smites you!
* * * LOW HITPOINT WARNING * * *
The adder bites you.
* * * LOW HITPOINT WARNING * * *
You are lethally poisoned!
The adder poisons you!
* * * LOW HITPOINT WARNING * * *
You feel sick.
You die...

#.....#.## ##..#
.........#######.#######
..#..........##........#
...........#...........#
....##.....####........#
.... #...<.# #........#
... #.....####.)......#
....##.......##........#
..........#.##.@......#
...#........#.........#
....#.....#.#S##.######
..........#.#o# .#
....#######.#o# .# ..[.
#..[o.# .# ... #..#...#
.# .# # ##..# .# #...


You could see an adder and an orc.

Vanquished Creatures
  A gnoll (D:1)
  An adder (D:2)
  3 dart slugs
  4 endoplasms
  2 giant cockroaches
  7 hobgoblins
  6 jackals
  A kobold (D:2)
  2 quokkas (D:1)
  A ball python (D:2)
  4 bats
  5 frilled lizards
  9 goblins
  3 rats (D:1)
49 creatures vanquished.

Notes
Turn   | Place    | Note
-------+----------+-------------------------------------------
     0 | D:1      | issech the Troll Monk began the quest for the Orb.
     0 | D:1      | Reached XP level 1. HP: 22/22 MP: 0/0
   126 | D:1      | Reached XP level 2. HP: 29/29 MP: 1/1
   391 | D:1      | Found a faded altar of an unknown god.
   536 | D:1      | Reached XP level 3. HP: 11/37 MP: 2/2
  1016 | D:2      | Found Lywkosch's Antique Weapon Shoppe.
  1062 | D:2      | Identified the +14 plate armour of Misanthropy {Int+3
                  | Dex-5}
  1210 | D:2      | Reached XP level 4. HP: 45/45 MP: 3/3
  1801 | D:3      | HP: 2/45 [adder (1)]
  1803 | D:3      | Succumbed to an adder's poison

Illustrated notes

Levels and vault maps discovered:
D:1:      matt_arrival_spirals, layout_basic,
          shapermc_ecumenical_altar_notcrosses
D:2:      layout_basic, serial_shops, nicolae_square_shop
D:3:      minmay_wonky_spiral, layout_rooms

Skill      XL: |  1  2  3 |
---------------+----------+-----
Maces & Flails | 3 |  3.4
Fighting       | 3 |  3.1
Dodging        | 3 |  3.0
Throwing       | |  0.1
Stealth        | |  1.0

Action                   |  1- 3 |  4- 6 || total
-------------------------+-------+-------++-------
Melee: Mace              |   121 |    43 ||   164
       Punch             |     1 |       ||     1
Throw: Boomerang         |     8 |       ||     8
 Stab: Sleeping          |       |     1 ||     1
Armor: Robe              |    65 |    23 ||    88
Dodge: Dodged            |    70 |    32 ||   102

Table legend: (Time is in decaauts)
 A = Elapsed time spent in this place.
 B = Non-inter-level travel time spent in this place.
 C = Inter-level travel time spent in this place.
 D = Time resting spent in this place.
 E = Time spent auto-exploring this place.
 F = Levels seen in this place.
 G = Mean time per level.
                   A        B        C        D        E       F      G
               +--------+--------+--------+--------+--------+-----+--------+
         Total |   1847 |   1772 |     75 |     14 |    962 |   3 |  615.7 |
       Dungeon |   1847 |   1772 |     75 |     14 |    962 |   3 |  615.7 |
               +--------+--------+--------+--------+--------+-----+--------+

Top non-repeatable levels by time:
     D:1: 986 daAuts
     D:2: 744 daAuts
     D:3: 116 daAuts
